AoeStats
← Artorius

MegaRandom

504073363Analyzed
1v1 RM · 1mo ago on Sep 3, 2026· 30m 38s· 2 players
Game mode
Random Map
Map size
Tiny (2 player)
Population
200
Speed
Normal
Resources
Standard
Victory
Conquest
Starting age
Dark Age
Ending age
Imperial Age
RankedLock teamsTeams togetherTeam positionsShared explorationLock speedFull tech treeHidden civsTurbo modeCheats
Victory
Defeat
🇮🇹 Italians · Italy
1023
+15
🇩🇪 Tatars · Germany
998
-15
Artorius
9:26 Feudal Age
12:16 Loom
20:07 Castle Age
18:03 Gold Mining
17:57 Horse Collar
19:28 Double-Bit Axe
20:18 Fletching
22:40 Bodkin Arrow
24:00 Gold Shaft Mining
24:02 Bow Saw
24:33 Husbandry
bucci71
1:40 Loom
11:12 Feudal Age
11:42 Double-Bit Axe
12:35 Wheelbarrow
14:04 Horse Collar
15:29 Gold Mining
20:08 Castle Age
30:54 Bow Saw
Connection lost

Rejoining the realm…

Still unreachable

The connection could not be restored.

Session expired

The server has moved on; the page needs a fresh start.